 Dungeon Crawl Stone Soup version 0.30-a0-983-g7e3032bf44 (webtiles) character file.

Game seed: 2050110207931149533

18092 KristoblXynda the Fighter (level 12, -2/117 HPs)
             Began as a Green Draconian Monk on Apr 1, 2023.
             Was a High Priest of Okawaru.
             Slain by a cyan ugly thing (7 damage)
             ... on level 11 of the Dungeon.
             The game lasted 00:25:35 (16745 turns).

KristoblXynda the Fighter (Green Draconian Monk)   Turns: 16745, Time: 00:25:36

Health: -2/117     AC: 19    Str: 27    XL:     12   Next: 24%
Magic:  15/15      EV: 17    Int: 12    God:    Okawaru [*****.]
Gold:   608        SH:  0    Dex: 15    Spells: 10/11 levels left

rFire   + . .      SeeInvis .    n - +6 dagger (flame)
rCold   + . .      Faith    +    (no shield)
rNeg    . . .      Spirit   .    (body armour unavailable)
rPois   +          Reflect  .    i - +3 hat of the Fisher {Str+7}
rElec   .          Rampage  .    E - +1 cloak
rCorr   +                        y - +2 pair of gloves
Will    .....                    j - +2 pair of boots
Stlth   ++                       t - amulet "Duonteth" {Faith rC+ Str+4}
HPRegen 0.39/turn                m - ring of resist corrosion
MPRegen 0.14/turn                a - ring of protection from fire

@: short of breath, studying Fighting
A: breathe noxious fumes, AC +8, unfitting armour, poison resistance,
cold-blooded
a: Breathe Noxious Fumes, Renounce Religion, Heroism, Finesse, Duel


You were on level 11 of the Dungeon.
You worshipped Okawaru.
Okawaru was extremely pleased with you.
You visited 2 branches of the dungeon, and saw 12 of its levels.
You also visited: Bailey.

You collected 608 gold pieces.

Inventory:

Hand Weapons
 n - a +6 dagger of flaming (weapon)
 B - the +8 mithril axe "Arga" {speed, Will+}
   (You took it off an orc on level 6 of the Dungeon)

   Will:      It increases your willpower.
Missiles
 F - a throwing net (quivered)
Armour
 i - the +3 hat of the Fisher (worn) {Str+7}
   (Okawaru gifted it to you on level 9 of the Dungeon)

   Str:       It affects your strength (+7).
 j - a +2 pair of boots (worn)
 y - a +2 pair of gloves (worn)
 z - a +2 kite shield
 E - a +1 cloak (worn)
Jewellery
 a - a ring of protection from fire (right hand)
 m - a ring of resist corrosion (left hand)
 t - the amulet "Duonteth" (around neck) {Faith rC+ Str+4}
   (You found it on level 4 of the Dungeon)

   [amulet of faith]

   It allows you to gain divine favour quickly.
   Str:       It affects your strength (+4).
   rC:        It protects you from cold.
Wands
 e - a wand of acid (1)
 A - a wand of paralysis (6)
Scrolls
 f - 4 scrolls of fog
 o - 2 scrolls of identify
 s - 5 scrolls of enchant armour
 v - a scroll of poison
 C - 2 scrolls of teleportation
 D - 2 scrolls of magic mapping
Potions
 b - a potion of might {unknown}
 c - a potion of curing
 d - a potion of lignification {unknown}
 g - a potion of mutation {unknown}
 h - a potion of haste
 k - a potion of berserk rage {unknown}
 l - 2 potions of flight {unknown}
 p - 3 potions of resistance
 q - 3 potions of brilliance
 r - a potion of magic {unknown}
 u - a potion of cancellation
 x - 3 potions of attraction


   Skills:
 + Level 14.1 Fighting
 - Level 6.7 Axes
 + Level 10.3 Dodging
 - Level 2.0 Stealth
 + Level 11.2 Unarmed Combat
 - Level 5.0 Invocations
 + Level 0.0 Evocations


You had 10 spell levels left.
You knew the following spells:

 Your Spells              Type           Power      Damage    Failure   Level
a - Apportation           Tloc           0%         N/A       32%         1

Your spell library contained the following spells:

 Spells                   Type           Power      Damage    Failure   Level
 Lesser Beckoning         Tloc           0%         N/A       45%         2
 Gell's Gravitas          Tloc           0%         N/A       69%         3
 Inner Flame              Hex/Fire       0%         N/A       69%         3
 Teleport Other           Tloc           0%         N/A       69%         3
 Flame Wave               Conj/Fire      0%         2d4       97%         4
 Sticky Flame             Conj/Fire      0%         2d3       97%         4
 Alistair's Intoxication  Tmut/Pois      0%         N/A       100%        5


Dungeon Overview and Level Annotations

Branches:
Dungeon (11/15)            Temple (1/1) D:7            Lair (0/5) D:8
    Orc (0/2) D:11         Bailey (visited)

Altars:
Ashenzari
Cheibriados
Dithmenos
Elyvilon
Fedhas
Gozag
Hepliaklqana
Kikubaaqudgha
Makhleb
Nemelex Xobeh
Okawaru
Qazlal
Ru
Sif Muna
Trog
Uskayaw
Vehumet
Wu Jian
Yredelemnul
Zin
The Shining One

Shops:
D:3 [   D:10 :   D:11 [

Annotations:
Temple 4 transporters


Innate Abilities, Weirdness & Mutations

You can breathe blasts of noxious fumes.
Your lurid green scales are hard. (AC +8)
You cannot fit into any form of body armour.
Your system is resistant to poisons. (rPois)
You are cold-blooded and may be slowed by cold attacks.


Message History

The cyan ugly thing is heavily wounded.
The cyan ugly thing is engulfed in noxious fumes.
The cyan ugly thing appears confused.
The cyan ugly thing engulfs you but does no damage.
You puncture the cyan ugly thing! You burn the cyan ugly thing.
The cyan ugly thing is severely wounded.
The cyan ugly thing seems less confused.
The cyan ugly thing misses you.
You hit the cyan ugly thing. You burn the cyan ugly thing.
The cyan ugly thing is severely wounded.
The cyan ugly thing engulfs you but does no damage.
You hit the cyan ugly thing. You burn the cyan ugly thing.
The cyan ugly thing is severely wounded.
The cyan ugly thing barely misses you.
You hit the cyan ugly thing but do no damage.
You tail-slap the cyan ugly thing.
The cyan ugly thing is severely wounded.
The cyan ugly thing completely misses you.
You hit the cyan ugly thing but do no damage.
The cyan ugly thing is severely wounded.
The cyan ugly thing engulfs you!
* * * LOW HITPOINT WARNING * * *
The cyan ugly thing shocks you!
* * * LOW HITPOINT WARNING * * *
You closely miss the cyan ugly thing.
The cyan ugly thing is severely wounded.
The cyan ugly thing barely misses you.
The cyan ugly thing attacks as you move away!
The cyan ugly thing completely misses you.
There is an open door, spattered with blood here.
Aiming: Paralyse
Press: ? - help, Shift-Dir - straight line, f/p - cyan ugly thing
Aim: a cyan ugly thing (severely wounded, chance to affect: 31%)
The cyan ugly thing easily resists.
The cyan ugly thing engulfs you but does no damage.
Aiming: Paralyse
Press: ? - help, Shift-Dir - straight line, f/p - cyan ugly thing
Aim: a cyan ugly thing (severely wounded, chance to affect: 31%)
The cyan ugly thing easily resists.
The cyan ugly thing engulfs you!
You die...

......# #...........# ......+
#........<..# <.....#
#...........# ......#
#...........##. ......#
#.....=.>...'.. #'#####
+...........# ..# #...........#
.## #######u##### .# #@# # .#
##.# .# .# #..# #####'#### '####
###.#### #........#
....#########......#####........#
....'......##.........##........#
....######>........##..#........#
....# ####......###.'........#
##'## ######## ###........#


You could see a cyan ugly thing.

Vanquished Creatures
  Josephine (D:10)
  A boulder beetle (D:11)
  Erica (D:8)
  Pikel (D:7)
  2 orc knights (Bailey)
  A spectral centaur (D:10)
  2 centaur zombies (D:10)
  A gargoyle (D:11)
  Psyche (D:9)
  Maggie (D:10)
  A centaur skeleton (D:10)
  2 kobold demonologists (Bailey)
  4 trolls
  2 hornets
  20 yaks
  4 wraiths (D:10)
  2 wyverns (D:9)
  A steam dragon (D:8)
  3 vampire mosquitoes (D:11)
  Menkaure (D:7)
  2 water moccasins
  Duvessa (D:7)
  14 orc warriors
  2 sky beasts
  5 ice beasts (D:8)
  3 wolves (D:8)
  3 ogres
  5 centaurs
  A phantom (D:6)
  A lemure (D:7)
  3 kobold brigands
  3 bullfrogs
  3 scorpions
  A gnoll sergeant (D:9)
  Dowan (D:7)
  13 killer bees
  A howler monkey (D:7)
  5 electric eels
  2 hounds
  19 orc priests
  Crazy Yiuf (D:7)
  3 gnoll boudas
  An iron imp (D:3)
  2 jellies
  7 iguanas
  17 orc wizards
  Natasha (thrice) (D:3)
  24 gnolls
  3 adders
  A howler monkey skeleton (D:10)
  A shadow imp (D:5)
  4 white imps
  A worm (D:5)
  2 dart slugs
  78 orcs
  2 bats (D:3)
  An endoplasm (D:1)
  15 goblins
  17 hobgoblins
  2 jackals (D:3)
  15 kobolds
  2 quokkas
  8 ball pythons
  3 frilled lizards
  5 rats
358 creatures vanquished.

Vanquished Creatures (collateral kills)
  A killer bee (D:9)
1 creature vanquished.

Vanquished Creatures (others)
  A rime drake (D:8)
  A hobgoblin (Bailey)
  9 fungi (D:4)
  3 plants (D:8)
14 creatures vanquished.

Grand Total: 373 creatures vanquished

Notes
Turn   | Place    | Note
-------+----------+-------------------------------------------
     0 | D:1      | KristoblXynda the Draconian Monk began the quest for the
                  | Orb.
     0 | D:1      | Reached XP level 1. HP: 19/19 MP: 1/1
   105 | D:1      | Reached XP level 2. HP: 15/26 MP: 2/2
   862 | D:2      | Reached XP level 3. HP: 33/33 MP: 3/3
  1234 | D:3      | Found a radiant altar of Vehumet.
  1361 | D:3      | Noticed Natasha
  1376 | D:3      | Killed Natasha
  1377 | D:3      | Reached skill level 4 in Fighting
  1377 | D:3      | Reached XP level 4. HP: 34/40 MP: 4/4
  1441 | D:3      | Noticed Natasha
  1453 | D:3      | Killed Natasha
  1474 | D:3      | Found a faded altar of an unknown god.
  1490 | D:3      | Noticed Natasha
  1501 | D:3      | Killed Natasha
  1534 | D:3      | Found Bajog's Antique Armour Shoppe.
  1586 | D:3      | Found a snail-covered altar of Cheibriados.
  1602 | D:3      | Reached XP level 5. HP: 41/47 MP: 5/5
  2188 | D:4      | Identified the amulet "Duonteth" {Faith rC+ Str+4}
  2210 | D:4      | Found a broken altar of Ashenzari.
  2279 | D:4      | Reached skill level 5 in Fighting
  2290 | D:4      | Reached XP level 6. HP: 39/56 MP: 6/6
  2562 | D:4      | Found a sacrificial altar of Ru.
  3055 | D:5      | Entered Level 5 of the Dungeon
  3133 | D:5      | Found an ancient bone altar of Kikubaaqudgha.
  3171 | D:5      | Reached skill level 5 in Unarmed Combat
  3522 | D:5      | Found a glowing silver altar of Zin.
  3522 | D:5      | Found a glowing golden altar of the Shining One.
  3523 | D:5      | Found a white marble altar of Elyvilon.
  3582 | D:4      | Your scales start taking on a lurid green colour.
  3582 | D:4      | Reached XP level 7. HP: 18/62 MP: 7/7
  3582 | D:4      | Gained mutation: Your system is resistant to poisons.
                  | (rPois) [Green Draconian growth]
  3963 | D:5      | Found a stormy altar of Qazlal.
  4014 | D:5      | Reached skill level 6 in Fighting
  4224 | D:5      | Reached skill level 5 in Dodging
  4558 | D:5      | Reached XP level 8. HP: 66/71 MP: 8/8
  4832 | D:6      | Reached skill level 7 in Fighting
  6204 | D:6      | Found a sparkling altar of Nemelex Xobeh.
  6254 | D:6      | Found a runed translucent door.
  6258 | D:6      | Reached skill level 8 in Fighting
  6557 | D:6      | Reached XP level 9. HP: 77/81 MP: 9/9
  6823 | D:7      | Noticed Menkaure
  6829 | D:7      | Killed Menkaure
  6891 | D:7      | Reached skill level 1 in Axes
  6916 | D:7      | Found Gonoguoti's Weapon Shoppe.
  6931 | D:7      | Found a staircase to the Ecumenical Temple.
  6992 | D:7      | Found a flagged portal.
  7001 | Bailey   | Entered a bailey
  7270 | Bailey   | Noticed a kobold demonologist
  7273 | Bailey   | Noticed a rust devil
  7275 | Bailey   | Noticed an orange demon
  7295 | Bailey   | Killed a kobold demonologist
  7723 | Bailey   | Noticed an orc knight
  7734 | Bailey   | Reached skill level 9 in Fighting
  7753 | Bailey   | Killed an orc knight
  8485 | Bailey   | Reached XP level 10. HP: 77/91 MP: 10/10
  8677 | Bailey   | Noticed an orc knight
  8678 | Bailey   | Found an iron altar of Okawaru.
  8687 | Bailey   | Killed an orc knight
  8860 | Bailey   | Became a worshipper of Warmaster Okawaru
  8860 | Bailey   | Reached * piety under Okawaru
  8860 | Bailey   | Reached ** piety under Okawaru
  9018 | D:7      | Found an ornate altar of the Wu Jian Council.
  9177 | D:7      | Noticed Dowan
  9178 | D:7      | Noticed Duvessa
  9195 | D:7      | Killed Duvessa
  9249 | D:7      | Killed Dowan
  9480 | D:7      | Found a runed translucent door.
  9480 | D:7      | Noticed Crazy Yiuf
  9495 | D:7      | Found an opulent altar of Gozag.
  9496 | D:7      | Acquired a manual of Fighting
  9566 | D:7      | Noticed Pikel
  9596 | D:7      | Killed Pikel
  9597 | D:7      | Reached skill level 10 in Fighting
  9597 | D:7      | Reached skill level 5 in Axes
 10219 | D:7      | Killed Crazy Yiuf
 10568 | D:8      | Reached *** piety under Okawaru
 10921 | D:8      | Reached skill level 11 in Fighting
 10989 | D:8      | Noticed Erica
 11002 | D:8      | Killed Erica
 11046 | D:8      | Reached XP level 11. HP: 89/102 MP: 11/11
 11067 | D:8      | Reached **** piety under Okawaru
 11276 | D:8      | Found a staircase to the Lair.
 11363 | D:8      | Received a gift from Okawaru
 11858 | Temple   | Entered the Ecumenical Temple
 11858 | Temple   | Found a transporter.
 11858 | Temple   | Found a transporter.
 11860 | Temple   | Found a transporter.
 11860 | Temple   | Found a transporter.
 12226 | D:9      | Learned a level 1 spell: Apportation
 12537 | D:9      | Noticed Psyche
 12556 | D:9      | Killed Psyche
 12705 | D:9      | Reached skill level 10 in Unarmed Combat
 12855 | D:9      | Reached skill level 12 in Fighting
 13151 | D:9      | Reached ***** piety under Okawaru
 13447 | D:9      | Found a shimmering blue altar of Sif Muna.
 13495 | D:9      | Reached skill level 1 in Invocations
 13546 | D:9      | Identified the +3 hat of the Fisher {Str+7} (Okawaru gifted
                  | it to you on level 9 of the Dungeon)
 13546 | D:9      | Received a gift from Okawaru
 13892 | D:10     | Entered Level 10 of the Dungeon
 13902 | D:10     | Noticed Maggie
 13915 | D:10     | Killed Maggie
 13939 | D:10     | Noticed Josephine
 13966 | D:10     | Killed Josephine
 14223 | D:10     | Found Roor's Self-Improvement Boutique.
 14295 | D:10     | Reached skill level 13 in Fighting
 14937 | D:10     | Reached skill level 10 in Dodging
 15148 | D:10     | Found a burning altar of Makhleb.
 15511 | D:11     | Reached XP level 12. HP: 115/115 MP: 15/15
 15579 | D:11     | Noticed a boulder beetle
 15622 | D:11     | HP: 3/111 [boulder beetle (19)]
 15629 | D:11     | Killed a boulder beetle
 15631 | D:11     | HP: 4/116 [poisoned by an orc wizard]
 15950 | D:11     | Found a staircase to the Orcish Mines.
 16253 | D:11     | Reached skill level 14 in Fighting
 16266 | D:11     | Reached skill level 5 in Invocations
 16591 | D:11     | Found Qoacan's Antique Armour Boutique.
 16740 | D:11     | HP: 3/117 [cyan ugly thing (14)]
 16745 | D:11     | Slain by a cyan ugly thing

Illustrated notes

Levels and vault maps discovered:
D:1:      dpeg_arrival_stonehenge_8_columns, layout_rooms
D:2:      layout_basic
D:3:      layout_rooms, slow_altar_1, nicolae_vehumet_radiance,
          chequers_ecumenical_altar_grove, serial_shops, shop, uniq_natasha
D:4:      layout_rooms, ashenzari_conservatory_becter, general_overflow_altar,
          serial_aquarium, aquarium_bridge_long_separate
          [aquarium_subvault_bridge, aquarium_subvault_wall,
          aquarium_subvault_balcony, aquarium_subvault_bridge,
          aquarium_subvault_wall, aquarium_subvault_wall],
          aquarium_bridge_island_small [aquarium_subvault_small_open,
          aquarium_subvault_bridge, aquarium_subvault_window,
          aquarium_subvault_bridge, aquarium_subvault_balcony],
          aquarium_window_1, aquarium_window_fake, aquarium_view_4,
          aquarium_view_2a, grunt_ministairs_13, supply_closet_lemuel
D:5:      layout_basic, good_gods_temple_1, nicolae_qazlal_general_emergency,
          mainiacjoe_overflow_tiny_flanked
D:6:      layout_basic, nemelex_spade_bored_becter, lightli_church_of_beogh
D:7:      layout_basic, mainiacjoe_overflow_paths, mainiacjoe_overflow_alcove_2,
          minmay_temple_entry_mini_moons, serial_shops,
          nicolae_shop_bloodbath_and_beyond, enter_bailey_8, uniq_duvessa,
          uniq_crazy_yiuf_cottage, uniq_pikel, uniq_menkaure
D:8:      layout_basic, tgw_xom, hellmonk_lair_entry_icy,
          hangedman_decor_growths, serial_bayou_pond_d, uniq_erica
D:9:      layout_roguey, nicolae_sif_muna_little_library, uniq_psyche
D:10:     layout_loops_ring, amcnicky_altar_gilded, hangedman_weighted_door,
          minmay_misc_feat_secret_circle, serial_bayou_pond_d,
          eino_small_chamber_without_monster, nicolae_lava_and_water,
          solitary_fountain, nicolae_shop_self_help, uniq_josephine, uniq_maggie
D:11:     layout_roguey, hiddenorc2_lemuel, serial_shops, kennysheep_little_box
Temple:   hellmonk_temple_divided_pantheon

Skill      XL: |  1  2  3  4  5  6  7  8  9 10 11 12 |
---------------+-------------------------------------+-----
Stealth        | 2 |  2.0
Dodging        | 3 4 5 6 7 8 10 | 10.3
Fighting       | 4 5 6 8 9 11 13 14 | 14.1
Unarmed Combat | 4 5 6 7 8 9 10 11 | 11.2
Axes           | 3 6 |  6.7
Invocations    | 4 5 |  5.0

Action                     |  1- 3 |  4- 6 |  7- 9 | 10-12 || total
---------------------------+-------+-------+-------+-------++-------
  Melee: Dagger            |   100 |   186 |   448 |   913 ||  1647
         Tailslap          |    12 |    20 |    72 |   170 ||   274
         Punch             |     3 |     5 |    21 |    81 ||   110
Ability: Breathe Noxious F |       |       |    19 |    23 ||    42
  Evoke: Wand              |       |       |       |    13 ||    13
    Use: Potion            |       |     1 |     1 |     5 ||     7
         Scroll            |       |     2 |     6 |    10 ||    18
   Stab: Sleeping          |     4 |     1 |       |     2 ||     7
         Distracted        |       |     1 |       |       ||     1
         Confused          |       |       |    17 |    20 ||    37
         Paralysed         |       |       |       |    15 ||    15
 Armour: Skin              |    34 |    60 |   153 |   432 ||   679
  Dodge: Dodged            |    55 |   124 |   318 |   947 ||  1444

Table legend: (Time is in decaauts)
 A = Elapsed time spent in this place.
 B = Non-inter-level travel time spent in this place.
 C = Inter-level travel time spent in this place.
 D = Time resting spent in this place.
 E = Time spent auto-exploring this place.
 F = Levels seen in this place.
 G = Mean time per level.
                   A        B        C        D        E       F      G
               +--------+--------+--------+--------+--------+-----+--------+
         Total |  16803 |  16469 |    334 |   6260 |   6708 |  13 | 1292.5 |
       Dungeon |  14892 |  14559 |    333 |   4974 |   6676 |  11 | 1353.8 |
        Temple |     26 |     26 |      0 |      0 |      7 |   1 |   26.0 |
        Bailey |   1883 |   1883 |      0 |   1286 |     25 |   1 | 1883.0 |
               +--------+--------+--------+--------+--------+-----+--------+

Top non-repeatable levels by time:
     D:9: 1980 daAuts
    D:10: 1906 daAuts
  Bailey: 1883 daAuts
     D:7: 1867 daAuts
     D:5: 1865 daAuts
     D:6: 1621 daAuts
     D:8: 1323 daAuts
     D:4: 1215 daAuts
    D:11: 983 daAuts
     D:3: 837 daAuts
     D:2: 669 daAuts
     D:1: 621 daAuts
  Temple: 26 daAuts
